 Dungeon Crawl Stone Soup version 0.31-a0-986-g5e6e4ef867 (webtiles) character file.

Game seed: 3203459384255561572

1887 GloriousHammer the Shooter (level 8, -12/37 HPs)
             Began as a Spriggan Hexslinger on Nov 10, 2023.
             Was an Initiate of Fedhas.
             Killed by divine providence
             ... invoked by an orc priest
              (13 damage)
             ... on level 6 of the Dungeon.
             The game lasted 00:19:19 (7120 turns).

GloriousHammer the Shooter (Spriggan Hexslinger)    Turns: 7120, Time: 00:19:20

Health: -12/37     AC:  4    Str:  4    XL:     8   Next: 92%
Magic:  15/16      EV: 17    Int: 16    God:    Fedhas [......]
Gold:   246        SH:  0    Dex: 18    Spells: 8/17 levels left

rFire   + . .        a - +1 sling
rCold   . . .        (no shield)
rNeg    . . .        c - +0 robe
rPois   +            (helmet restricted)
rElec   .            x - +1 cloak {Will+}
rCorr   .            (gloves unavailable)
SInv    +            (boots unavailable)
Will    +....        (no amulet)
Stlth   +++          P - ring of poison resistance
HPRegen 0.26/turn    F - ring of protection from fire
MPRegen 0.15/turn

%: no passive effects
@: weak-willed, very quick
A: very small, no large weapons, unfitting armour, see invisible, speed 3
a: Renounce Religion


You were on level 6 of the Dungeon.
You worshipped Fedhas.
Fedhas was noncommittal.
You visited 2 branches of the dungeon, and saw 7 of its levels.

You collected 246 gold pieces.

Inventory:

Hand Weapons
 a - a +1 sling (weapon)
 k - a +0 hand axe of venom
Missiles
 l - 3 boomerangs
Armour
 c - a +0 robe (worn)
 x - a +1 cloak of willpower (worn)
Jewellery
 F - a ring of protection from fire (right hand)
 P - a ring of poison resistance (left hand)
Wands
 s - a wand of iceblast (5)
Scrolls
 b - a scroll of poison
 h - a scroll of revelation {unknown}
 i - a scroll of immolation {unknown}
 m - a scroll of enchant armour {unknown}
 n - 2 scrolls of noise
 r - a scroll of teleportation {unknown}
 t - 3 scrolls of fog
 u - a scroll of fear {unknown}
 I - a scroll of identify
Potions
 d - 2 potions of magic
 e - 3 potions of lignification
 f - a potion of mutation {unknown}
 g - 3 potions of curing
 j - 3 potions of enlightenment {unknown}
 o - 2 potions of heal wounds {unknown}
 p - a potion of resistance {unknown}
 q - a potion of berserk rage {unknown}
 v - a potion of ambrosia {unknown}
 w - a potion of degeneration {unknown}
 z - a potion of brilliance {unknown}


   Skills:
 - Level 0.7 Fighting
 * Level 7.7 Ranged Weapons
 - Level 2.7 Dodging
 - Level 4.0 Stealth
 - Level 5.0 Spellcasting
 + Level 6.6 Hexes
 - Level 3.0 Summonings
 - Level 3.0 Fire Magic
 + Level 1.6 Invocations


You had 8 spell levels left.
You knew the following spells:

 Your Spells              Type           Power      Damage    Failure   Level
a - Jinxbite              Hex            50%        N/A       1%          2
b - Sigil of Binding      Hex            25%        N/A       3%          3
c - Inner Flame           Hex/Fire       19%        N/A       6%          3
d - Summon Small Mammal   Summ           52%        N/A       4%          1

Your spell library contained the following spells:

 Spells                   Type           Power      Damage    Failure   Level
 Ensorcelled Hibernation  Hex/Ice        28%        N/A       6%          2
 Cause Fear               Hex            12%        N/A       10%         4
 Apportation              Tloc           8%         N/A       16%         1
 Necrotise                Necr           16%        1d4       16%         1
 Passwall                 Tmut/Erth      3%         N/A       22%         2
 Dimensional Bullseye     Hex/Tloc       7%         N/A       36%         4
 Swiftness                Air            4%         N/A       41%         3


Dungeon Overview and Level Annotations

Branches:
Dungeon (6/15)             Temple (1/1) D:6

Altars:
Ashenzari
Cheibriados
Elyvilon
Fedhas
Gozag
Hepliaklqana
Makhleb
Nemelex Xobeh
Okawaru
Qazlal
Ru
Sif Muna
Trog
Uskayaw
Vehumet
Wu Jian
Yredelemnul
Lugonu

Portals:
Abyss: D:6

Annotations:
D:3 2 transporters, exclusion: 2 downstairs
D:5 exclusion: 2 downstairs
D:6 2 runed translucent doors


Innate Abilities, Weirdness & Mutations

You are very small and have problems with some larger weapons.
You are too small for most types of armour.
You have supernaturally acute eyesight. (SInv)
You cover ground extremely quickly. (Speed+++)


Message History

You kill the river rat!
The river rat's corpse disappears in a puff of smoke!
Aiming: Iceblast
Press: ? - help, Shift-Dir - straight line, f - Eustachio
Aim: Eustachio, wielding a +0 rapier and wearing a +0 leather armour (almost dead)
The mass of ice explodes!
The iceblast engulfs Eustachio!!
You kill Eustachio!
Fedhas appreciates your contribution to the ecosystem.
The river rat disappears in a puff of smoke! x2
You hear an angry hiss.
Unknown command.
You start resting.
HP restored.
You start waiting.
Done waiting.
Unknown command.
Things that are here:
a +0 rapier; a +0 leather armour
Things that are here:
a +0 rapier; a +0 leather armour
There is a stone staircase leading up here.
There is a stone staircase leading up here.
You see here a +0 spear.
You see here a +0 whip. 2 orc priests and an orc come into view.
Casting: Jinxbite (safe; 1% risk of failure)
Confirm with . or Enter, or press ? or * to list all spells.
You beckon some vexing sprites to accompany your attacks.
You feel your willpower being sapped.
You shoot a sling bullet.
The sling bullet completely misses the orc.
A giggling sprite leaps out and bonks the orc with its +0 whip.
The orc shouts!
The orc is severely wounded.
You hear a shout! x3
You shoot a sling bullet. The sling bullet hits the orc.
You kill the orc!
Fedhas appreciates your contribution to the ecosystem.
The sprites lose interest in your situation.
Unknown command.
The orc priest hits you with a +0 mace.
Casting: Jinxbite (safe; 1% risk of failure)
Confirm with . or Enter, or press ? or * to list all spells.
You beckon some vexing sprites to accompany your attacks.
You feel your willpower being sapped. The orc priest completely misses you.
You shoot a sling bullet.
The sling bullet hits the orc priest but does no damage.
A giggling sprite leaps out and makes the orc priest trip over its own feet.
The orc priest is lightly wounded.
An orc comes into view.
It is wielding a +1 dagger of protection.
The orc priest hits you with a +0 mace!
You shoot a sling bullet. The orc shouts!
The sling bullet hits the orc priest!
The orc priest is severely wounded.
A giggling sprite leaps out and smacks the orc priest with its own hand.
The orc priest is almost dead.
The orc priest invokes the aid of Beogh against you.
You resist with significant effort.
You shoot a sling bullet.
The sling bullet barely misses the orc priest.
A giggling sprite leaps out and makes the orc priest trip over its own feet.
You kill the orc priest!
Fedhas appreciates your contribution to the ecosystem.
You shoot a sling bullet.
The sling bullet hits the orc but does no damage.
A giggling sprite leaps out and makes the orc trip over its own feet.
The orc is severely wounded.
The jinxing sprites lose interest in you.
The orc priest calls upon Beogh to heal the orc.
The orc's wounds heal themselves!
You shoot a sling bullet. The sling bullet hits the orc.
The orc is heavily wounded.
The orc priest calls upon Beogh to heal the orc.
The orc's wounds heal themselves!
The orc hits you with a +1 dagger of protection.
You shoot a sling bullet. The sling bullet hits the orc.
The orc is heavily wounded.
The orc completely misses you.
You shoot a sling bullet. The sling bullet hits the orc.
The orc is severely wounded.
The orc closely misses you.
You shoot a sling bullet.
The sling bullet hits the orc but does no damage.
The orc is severely wounded.
The orc seems less drained.
The orc hits you with a +1 dagger of protection.
You shoot a sling bullet. The sling bullet barely misses the orc.
The orc priest calls down the wrath of Beogh upon you.
Beogh smites you! The orc barely misses you.
You shoot a sling bullet. The sling bullet barely misses the orc.
The orc priest invokes the aid of Beogh against you.
Beogh smites you!
* * * LOW HITPOINT WARNING * * *
The orc hits you with a +1 dagger of protection.
* * * LOW HITPOINT WARNING * * *
The orc priest mumbles some strange prayers to Beogh against you.
Beogh smites you!
You die...
Fedhas appreciates your contribution to the ecosystem.

.##.# #.####.### #.# #.≈≈
.##.#####........# #.# #.≈≈
.##.....)..###.#.# #.# #.##
.#####..###.##.#.# #.# #.## .#
#.## ##.#.#.# ##.###o# #.## .#
#.# #...#.# #.....o# #... .#
#.## ##.###.# #.)# #### .#
##.###.## #.# #..# ### .###
##.....###@###).# ##.## ...#
##..#.......oo.####.#.#### ##.#
##...#...#.##.......###.... #.#
##...###.....#..#####.#.####
#.###............#..# ##.####.
#.##...#.....#...#..# #.# #..
#.##.###..>..###.#..## #.# #..
#.##...#.....#...#...# #.###.#
#.###............#.#.#####......


You could see an orc priest and an orc.

Vanquished Creatures
  Eustachio (D:6)
  A steam dragon (D:6)
  Edmund (D:4)
  An ice beast (D:6)
  A sky beast (D:6)
  A black bear (D:6)
  3 ogres
  A phantom (D:6)
  4 scorpions
  4 hounds
  Crazy Yiuf (D:5)
  2 orc priests
  A jelly (D:4)
  Jessica (D:3)
  2 iguanas
  Terence (D:3)
  An orc wizard (D:5)
  A scorpion zombie (D:3)
  9 adders
  8 gnolls
  2 white imps (D:5)
  2 ufetubi (D:6)
  An adder zombie (D:3)
  A worm (D:3)
  3 dart slugs
  13 orcs
  6 ball pythons
  6 endoplasms
  2 giant cockroaches
  A goblin (D:4)
  4 hobgoblins
  5 kobolds
  2 quokkas
  3 bats (D:3)
  4 rats
100 creatures vanquished.

Notes
Turn   | Place    | Note
-------+----------+-------------------------------------------
     0 | D:1      | GloriousHammer the Spriggan Hexslinger began the quest for
                  | the Orb.
     0 | D:1      | Reached XP level 1. HP: 9/9 MP: 3/3
   128 | D:1      | Reached skill level 1 in Stealth
   294 | D:1      | Reached XP level 2. HP: 14/14 MP: 5/5
   300 | D:1      | Learned a level 2 spell: Jinxbite
   908 | D:2      | Reached XP level 3. HP: 17/17 MP: 6/6
  1467 | D:3      | Noticed Jessica
  1480 | D:3      | Killed Jessica
  1546 | D:3      | Reached XP level 4. HP: 19/21 MP: 8/8
  1573 | D:3      | Reached skill level 3 in Ranged Weapons
  1645 | D:3      | Found a snail-covered altar of Cheibriados.
  1645 | D:3      | Found a sparkling altar of Nemelex Xobeh.
  1645 | D:3      | Found a white marble altar of Elyvilon.
  1676 | D:3      | Noticed Terence
  1757 | D:3      | Killed Terence
  1816 | D:3      | Found a transporter.
  1817 | D:3      | Noticed a centaur
  1826 | D:3      | Found a transporter.
  1851 | D:3      | Found a faded altar of an unknown god.
  1855 | D:3      | Reached XP level 5. HP: 25/25 MP: 10/10
  2338 | D:3      | Found a burning altar of Makhleb.
  2624 | D:3      | Found a basalt altar of Yredelemnul.
  2757 | D:3      | Learned a level 3 spell: Sigil of Binding
  2761 | D:3      | Learned a level 3 spell: Inner Flame
  2763 | D:3      | Learned a level 1 spell: Summon Small Mammal
  2885 | D:4      | Noticed Edmund
  2915 | D:4      | Reached skill level 1 in Fire Magic
  2931 | D:4      | Found a stormy altar of Qazlal.
  3191 | D:4      | Reached skill level 5 in Hexes
  3191 | D:4      | Reached XP level 6. HP: 29/29 MP: 6/12
  3208 | D:4      | Reached skill level 4 in Ranged Weapons
  3427 | D:4      | Reached skill level 1 in Summonings
  4089 | D:4      | Killed Edmund
  4153 | D:5      | Identified the "Mefamo"
  4153 | D:5      | Entered Level 5 of the Dungeon
  4179 | D:5      | Reached XP level 7. HP: 30/32 MP: 12/14
  4307 | D:5      | Found a hide-covered altar of Uskayaw.
  4352 | D:5      | Reached skill level 5 in Ranged Weapons
  4914 | D:5      | Found a bloodstained altar of Trog.
  4930 | D:5      | Found a runed translucent door.
  4931 | D:5      | Noticed Crazy Yiuf
  5165 | D:5      | Killed Crazy Yiuf
  5238 | D:6      | Found a large runed translucent door.
  5238 | D:6      | Found a large runed translucent door.
  5284 | D:6      | Found an opulent altar of Gozag.
  5285 | D:6      | Noticed a steam dragon
  5651 | D:6      | Reached XP level 8. HP: 37/37 MP: 10/16
  5703 | D:6      | Noticed Eustachio
  5731 | D:6      | Found a corrupted altar of Lugonu.
  5880 | D:6      | Reached skill level 6 in Ranged Weapons
  5880 | D:6      | Reached skill level 5 in Spellcasting
  6392 | D:6      | Reached skill level 7 in Ranged Weapons
  6536 | D:6      | Found a staircase to the Ecumenical Temple.
  6554 | Temple   | Entered the Ecumenical Temple
  6567 | Temple   | Became a worshipper of Fedhas Madash
  6758 | D:6      | Found a one-way gate to the infinite horrors of the Abyss.
  6758 | D:6      | Identified the +6 rapier "Onlymiam" {distort, Will+ Int+6}
  6788 | D:6      | Reached skill level 1 in Invocations
  6828 | D:6      | Killed Eustachio
  7117 | D:6      | HP: 1/37 [orc/+1 dagger of protection (1)]
  7120 | D:6      | Killed from afar by an orc priest

Illustrated notes

Levels and vault maps discovered:
D:1:      lightli_arrival_flooded_house, layout_loops_ring
D:2:      layout_basic
D:3:      layout_rooms, lemuel_zombie_altar_yredelemnul,
          mainiacjoe_overflow_small_starburst, gammafunk_temple_overflow_arena,
          serial_co_window_serial, co_window_corner_a, co_window_paths_a,
          co_window_corner_a, co_window_corner_a, co_window_corner_a,
          co_window_broadway_c, co_window_broadway_a, co_window_broadway_c,
          co_window_cross_2, co_window_unsneaky_path_e, co_window_corner_cb,
          co_window_of_opportunity_b, glass_columns_b, glass_columns_c,
          hellmonk_ecumenical_altar_pennies_from_heaven, uniq_jessica,
          uniq_terence
D:4:      nicolae_cairo_tiling_large, layout_basic,
          mainiacjoe_overflow_brackets, uniq_edmund
D:5:      layout_cave_pools, nicolae_uskayaw_dance_hall, trog_book,
          uniq_crazy_yiuf_cottage
D:6:      due_chaos_kobolds, layout_loops_ring, grunt_gozag_statues,
          minmay_temple_entry_tees, nicolae_tricolors, uniq_eustachio
Temple:   hellmonk_temple_beads

Skill      XL: |  1  2  3  4  5  6  7  8 |
---------------+-------------------------+-----
Stealth        | 1 2 3 4 |  4.0
Spellcasting   | 2 3 4 5 |  5.0
Hexes          | 4 5 6 |  6.6
Ranged Weapons | 3 4 5 7 |  7.7
Fire Magic     | 1 2 3 |  3.0
Summonings     | 1 2 3 |  3.0
Invocations    | 1 |  1.6
Fighting       | |  0.7
Dodging        | |  2.7

Action                     |  1- 3 |  4- 6 |  7- 9 || total
---------------------------+-------+-------+-------++-------
  Melee: Hand axe          |       |       |     8 ||     8
   Fire: Sling             |    60 |   189 |   254 ||   503
   Cast: Jinxbite          |       |    17 |    23 ||    40
         Sigil of Binding  |       |     3 |     4 ||     7
  Evoke: Wand              |       |       |     2 ||     2
    Use: Scroll            |       |       |     4 ||     4
         Potion            |       |       |     2 ||     2
 Armour: Robe              |    12 |    17 |    51 ||    80
         Skin              |       |       |     9 ||     9
  Dodge: Dodged            |    10 |    41 |    77 ||   128

Table legend: (Time is in decaauts)
 A = Elapsed time spent in this place.
 B = Non-inter-level travel time spent in this place.
 C = Inter-level travel time spent in this place.
 D = Time resting spent in this place.
 E = Time spent auto-exploring this place.
 F = Levels seen in this place.
 G = Mean time per level.
                   A        B        C        D        E       F      G
               +--------+--------+--------+--------+--------+-----+--------+
         Total |   5168 |   4973 |    195 |    851 |   2653 |   7 |  738.3 |
       Dungeon |   5151 |   4956 |    195 |    851 |   2653 |   6 |  858.5 |
        Temple |     17 |     17 |      0 |      0 |      0 |   1 |   17.0 |
               +--------+--------+--------+--------+--------+-----+--------+

Top non-repeatable levels by time:
     D:6: 1289 daAuts
     D:3: 998 daAuts
     D:5: 963 daAuts
     D:4: 906 daAuts
     D:2: 625 daAuts
     D:1: 369 daAuts
  Temple: 17 daAuts
